 Dungeon Crawl Stone Soup version 0.22.1-6-g1668fe2c40 (webtiles) character file.

53 Rediskos the Shield-Bearer (level 4, 0/37 HPs)
             Began as a Formicid Fighter on Jan 25, 2019.
             Slain by a wyvern zombie (8 damage)
             ... on level 2 of the Dungeon.
             The game lasted 00:04:28 (1028 turns).

Rediskos the Shield-Bearer (Formicid Fighter)       Turns: 1028, Time: 00:04:29

Health: 0/37       AC:  7    Str: 22    XL:     4   Next: 11%
Magic:  4/4        EV:  8    Int:  7    God:
Gold:   48         SH:  9    Dex: 10    Spells: 3/3 levels left

rFire    . . .     SeeInvis +   a - +0 flail
rCold    . . .     Gourm    .   c - +0 shield
rNeg     . . .     Faith    .   b - +0 scale mail
rPois    .         Spirit   .   (helmet unavailable)
rElec    .         Reflect  .   (no cloak)
rCorr    .         Harm     .   (no gloves)
MR       .....                  (no boots)
Stlth    ..........             (no amulet)
HPRegen  0.12/turn              (no ring)
MPRegen  0.09/turn              (no ring)

@: no status effects
A: permanent stasis, dig shafts and tunnels, four strong arms, antennae 3
a: Dig, Shaft Self


You were on level 2 of the Dungeon.
You were not hungry.

You visited 1 branch of the dungeon, and saw 2 of its levels.

You collected 48 gold pieces.

Inventory:

Hand Weapons
 a - a +0 flail (weapon)
Armour
 b - a +0 scale mail (worn)
 c - a +0 shield (worn)
Jewellery
 h - an uncursed ring of see invisible {unknown}
 k - an uncursed ring of protection from fire {unknown}
Scrolls
 e - a scroll of fear {unknown}
 i - 2 scrolls of amnesia {unknown}
 j - a scroll of remove curse {unknown}
 l - a scroll of enchant weapon {unknown}
Potions
 d - a potion of might
 m - a potion of berserk rage {unknown}
Comestibles
 f - 3 rations
 g - 2 chunks of flesh


   Skills:
 + Level 3.7 Fighting
 * Level 3.0 Maces & Flails
 + Level 3.7 Armour
 + Level 4.0 Shields


You had 3 spell levels left.
You didn't know any spells.
Your spell library was empty.

Dungeon Overview and Level Annotations

Branches:
Dungeon (2/15)

Altars:


Innate Abilities, Weirdness & Mutations

You cannot be hasted, slowed, berserked, paralysed or teleported.
You can dig through walls and to a lower floor.
Your four strong arms can wield two-handed weapons with a shield.
You have a pair of large antennae on your head. (SInv)


Message History

You hit the wyvern zombie but do no damage.
The wyvern zombie closely misses you. You block the wyvern zombie's attack.
You hit the wyvern zombie.
The wyvern zombie is lightly damaged.
The wyvern zombie bites you.
The wyvern zombie completely misses you.
You barely miss the wyvern zombie.
The wyvern zombie is lightly damaged.
The wyvern zombie bites you! x2
You are too injured to fight recklessly!
You are too injured to fight recklessly!
You sock the wyvern zombie!
The wyvern zombie is heavily damaged.
The wyvern zombie bites you.
* * * LOW HITPOINT WARNING * * *
You sock the wyvern zombie!
The wyvern zombie is severely damaged.
The wyvern zombie bites you but does no damage.
The wyvern zombie bites you!
You die...

###..###..#
#.....##.#
#........#
#........#
#.....##.#
##.....##.## ###
#...#####..# #..
#.###......#####..
#@# #.##..........
#Z# ##.###.##..
#.# #.# #..... #..
#.# #..<.. #.# #.#
#...## ..# #.#
#...# ..# #.
#...## ..# ##.###
#.###


You could see a wyvern zombie.

Vanquished Creatures
  A gnoll (D:1)
  An adder (D:2)
  4 dart slugs (D:1)
  A giant cockroach (D:1)
  7 goblins (D:1)
  3 hobgoblins (D:1)
  3 kobolds (D:1)
  2 bats (D:1)
  3 frilled lizards (D:1)
  3 rats (D:1)
28 creatures vanquished.

Notes
Turn   | Place    | Note
-------+----------+-------------------------------------------
     0 | D:1      | Rediskos the Formicid Fighter began the quest for the Orb.
     0 | D:1      | Reached XP level 1. HP: 18/18 MP: 1/1
   139 | D:1      | Reached XP level 2. HP: 20/24 MP: 2/2
   411 | D:1      | Reached XP level 3. HP: 24/29 MP: 3/3
   676 | D:1      | Reached skill level 4 in Shields
   987 | D:2      | Reached XP level 4. HP: 37/37 MP: 4/4
  1028 | D:2      | Slain by a wyvern zombie

Skill      XL: |  1  2  3 |
---------------+----------+-----
Shields        | 4 |  4.0
Maces & Flails | 3 |  3.0
Fighting       | |  3.7
Armour         | |  3.7

Action                   |  1- 3 |  4- 6 || total
-------------------------+-------+-------++-------
Melee: Flail             |    99 |     5 ||   104
  Eat: Chunk             |       |     1 ||     1
Armor: Scale mail        |    39 |     1 ||    40
Dodge: Dodged            |    25 |     2 ||    27
Block: Shield            |    55 |     1 ||    56
